AoeStats
← AiM | Facu1414

Black Forest

508582584Analyzed
4v4 RM · 8d ago on Sep 23, 2026· 42m 57s· 8 players
Game mode
Random Map
Map size
Large (8 player)
Population
200
Speed
Normal
Resources
Standard
Victory
Conquest
Starting age
Dark Age
Ending age
Imperial Age
RankedLock teamsTeams togetherTeam positionsShared explorationLock speedFull tech treeHidden civsTurbo modeCheats
Victory
Defeat
🇲🇽 Burgundians · Mexico
1583
+12
🇲🇽 Chinese · Mexico
1557
+13
🇺🇸 Danes · United States
1477
+16
🇲🇽 Malians · Mexico
1448
+17
🇦🇷 Gurjaras · Argentina
1574
-18
🇦🇷 Bohemians · Argentina
1533
-17
🇨🇱 Celts · Chile
1426
-12
🇺🇸 Koreans · United States
1388
-11
_kill3rJ
11:02 Feudal Age
15:06 Castle Age
13:26 Fishing Lines
14:29 Double-Bit Axe
16:13 Bow Saw
18:01 Gillnets
21:23 Wheelbarrow
20:57 Horse Collar
22:14 Loom
22:29 Gold Mining
24:25 Gold Shaft Mining
24:18 Stone Mining
25:16 Hand Cart
25:08 Heavy Plow
28:35 Imperial Age
26:18 Scale Mail Armor
26:45 Caravan
27:55 Chain Mail Armor
28:06 Forging
28:40 Onager
29:30 Elite Jomsviking
29:37 Capped Ram
32:01 Plate Mail Armor
31:32 Squires
31:17 Arson
31:36 Siege Ram
35:36 Conscription
36:04 Iron Casting
37:54 Blast Furnace
37:26 Siege Onager
38:48 Gambesons
40:34 Siege Engineers
40:50 Ballistics
AZG021113
0:37 Loom
11:57 Feudal Age
12:01 Man-at-Arms
12:48 Arson
22:44 Castle Age
21:27 Double-Bit Axe
23:35 Town Watch
24:55 Bow Saw
24:30 Horse Collar
25:45 Wheelbarrow
29:24 Heavy Plow
29:16 Gold Mining
30:35 Hand Cart
31:59 Bloodlines
31:56 Husbandry
35:11 Imperial Age
33:20 Bloodlines
33:10 Husbandry
35:36 Gold Shaft Mining
35:11 Scale Barding Armor
35:17 Forging
36:22 Conscription
36:26 Farimba
37:27 Chain Barding Armor
38:19 Iron Casting
38:29 Crop Rotation
37:41 Cavalier
39:40 Plate Barding Armor
42:16 Fletching
42:27 Padded Archer Armor
42:48 Light Cavalry
ferminsin
0:27 Loom
12:59 Feudal Age
17:05 Castle Age
15:05 Fishing Lines
15:33 Double-Bit Axe
18:03 Bow Saw
18:45 Gillnets
19:51 Wheelbarrow
22:05 Hand Cart
21:35 Town Watch
23:25 Horse Collar
23:47 Gold Mining
26:25 Gold Shaft Mining
25:43 Stone Mining
29:05 Imperial Age
26:38 Scale Mail Armor
26:49 Forging
27:41 Chain Mail Armor
27:29 Squires
27:15 Arson
29:48 Iron Casting
29:26 Elite Fire Lancer
30:37 Plate Mail Armor
29:51 Heavy Rocket Cart
33:00 Caravan
33:30 Coinage
34:05 Rocketry
34:50 Blast Furnace
34:59 Chemistry
34:09 Masonry
34:20 Ballistics
ferdago308
4:51 Double-Bit Axe
11:08 Feudal Age
14:59 Castle Age
13:56 Bow Saw
13:59 Fishing Lines
15:12 Gillnets
16:59 Loom
27:57 Imperial Age
29:42 Chemistry
29:35 Wheelbarrow
30:02 Two-Man Saw
32:01 Gold Mining
32:01 Stone Mining
34:25 Hand Cart
37:13 Gold Shaft Mining
36:52 Scale Barding Armor
36:59 Forging
36:59 Elite Coustillier
38:41 Chain Barding Armor
40:11 Plate Barding Armor
40:04 Husbandry
42:11 Caravan
AiM | _MrSuomi
0:37 Loom
13:47 Feudal Age
18:38 Castle Age
18:27 Double-Bit Axe
21:09 Horse Collar
23:12 Bow Saw
30:12 Wheelbarrow
31:42 Fletching
38:18 Imperial Age
35:35 Town Watch
35:52 Scale Mail Armor
36:27 Forging
36:03 Man-at-Arms
36:43 Squires
36:29 Arson
37:02 Chain Mail Armor
36:45 Long Swordsman
AIM | Agua cate 98
0:29 Loom
10:56 Feudal Age
17:14 Castle Age
16:19 Fletching
17:17 Double-Bit Axe
18:48 Horse Collar
23:26 Town Watch
24:43 Wheelbarrow
24:31 Sanctity
24:33 Town Watch
25:35 Bow Saw
25:56 Redemption
29:13 Hand Cart
34:15 Imperial Age
35:51 Chemistry
34:55 Bodkin Arrow
35:18 Wagenburg Tactics
36:02 Houfnice
AiM | Facu1414
12:32 Feudal Age
16:08 Castle Age
14:02 Double-Bit Axe
16:41 Fishing Lines
17:22 Fishing Lines
19:20 Loom
20:10 Wheelbarrow
24:42 Horse Collar
25:21 Bow Saw
25:21 Gillnets
25:44 Heavy Plow
28:11 Gold Mining
28:13 Stone Mining
28:42 Hand Cart
28:13 Town Watch
32:06 Imperial Age
30:17 Treadmill Crane
30:57 Ballistics
30:28 Fletching
30:38 Padded Archer Armor
31:02 Town Patrol
31:25 Caravan
31:55 Coinage
31:23 Bodkin Arrow
32:03 Kshatriyas
32:13 Thumb Ring
33:07 Frontier Guards
33:09 Conscription
32:52 Bracer
33:54 Chemistry
33:24 Bloodlines
33:15 Husbandry
32:50 Light Cavalry
34:24 Crop Rotation
34:03 Elite Elephant Archer
35:00 Leather Archer Armor
34:52 Hussar
35:47 Scale Barding Armor
35:53 Forging
37:22 Chain Barding Armor
38:37 Iron Casting
40:15 Plate Barding Armor
AiM | TheBlackMamba
5:54 Loom
11:27 Feudal Age
15:19 Castle Age
13:44 Double-Bit Axe
15:13 Fletching
16:30 Wheelbarrow
24:17 Town Watch
24:37 Horse Collar
27:20 Bow Saw
27:14 Heavy Plow
30:02 Imperial Age
28:00 Gold Mining
29:11 Hand Cart
29:09 Bodkin Arrow
30:59 Ballistics
31:07 Onager
32:23 Heavy Scorpion
33:26 Siege Onager
35:43 Chemistry
34:21 Pikeman
35:02 Scale Mail Armor
35:13 Forging
35:28 Halberdier
36:35 Chain Mail Armor
35:54 Man-at-Arms
36:19 Gambesons
37:39 Iron Casting
36:49 Halberdier
38:10 Plate Mail Armor
38:32 Conscription
38:50 Hoardings
38:22 Murder Holes
38:15 Elite Woad Raider
40:01 Blast Furnace
40:38 Long Swordsman
42:59 Town Patrol
Connection lost

Rejoining the realm…

Still unreachable

The connection could not be restored.

Session expired

The server has moved on; the page needs a fresh start.